 Dungeon Crawl Stone Soup version 0.30-a0-1164-ge08a67761e (webtiles) character file.

Game seed: 15622927011165493205

223 Morbidden the Digger (level 5, -10/48 HPs)
             Began as a Troll Earth Elementalist on Apr 29, 2023.
             Mangled by Crazy Yiuf
             ... wielding a +3 quarterstaff of chaos
              (11 damage)
             ... on level 2 of the Dungeon.
             The game lasted 00:02:48 (1187 turns).

Morbidden the Digger (Troll Earth Elementalist)     Turns: 1187, Time: 00:02:48

Health: -10/48     AC:  5    Str: 16      XL:     5   Next: 66%
Magic:  5/5        EV:  9    Int: 12 (13) God:
Gold:   65         SH:  0    Dex:  8      Spells: 3/7 levels left

rFire   . .          .
                       - Unarmed
rCold   . . .        (no shield)
rNeg    . . .        a - +0 robe
rPois   .            (helmet restricted)
rElec   .            j - +0 cloak
rCorr   .            (gloves unavailable)
SInv    .            (boots unavailable)
Will    .....        (no amulet)
Stlth   +            (no ring)
HPRegen 1.08/turn    (no ring)
MPRegen 0.09/turn

%: no passive effects
@: lethally poisoned (-10 -> -14), hasted, unable to drink, very quick
A: large, unfitting armour, claws 3, regeneration 1, shaggy fur 1, tough skin 1,
clumsy 1, low MP 1, inability to drink after injury 1
a: no special abilities


You were on level 2 of the Dungeon.
You visited 1 branch of the dungeon, and saw 2 of its levels.

You collected 65 gold pieces.

Inventory:

Missiles
 g - 19 stones (quivered)
Armour
 a - a +0 robe (worn)
 j - a +0 cloak (worn)
Scrolls
 c - 2 scrolls of amnesia {unknown}
 d - 2 scrolls of teleportation {unknown}
 f - a scroll of identify {unknown}
 h - a scroll of enchant armour {unknown}
Potions
 b - a potion of magic
 e - a potion of attraction {unknown}
 i - a potion of invisibility {unknown}


   Skills:
 * Level 1.1 Fighting
 * Level 1.1 Armour
 * Level 2.1 Dodging
 + Level 1.1 Stealth
 * Level 2.8 Unarmed Combat
 * Level 1.6 Spellcasting
 * Level 0.5 Conjurations
 * Level 1.2 Transmutations
 * Level 3.3 Earth Magic


You had 3 spell levels left.
You knew the following spells:

 Your Spells              Type           Power      Damage    Failure   Level
a - Sandblast             Erth           16%        2d6       8%          1
b - Stone Arrow           Conj/Erth      10%        3d7       36%         3

Your spell library contained the following spells:

 Spells                   Type           Power      Damage    Failure   Level
 Passwall                 Tmut/Erth      5%         N/A       17%         2
 Petrify                  Tmut/Erth      6%         N/A       73%         4


Dungeon Overview and Level Annotations

Branches:
Dungeon (2/15)

Altars:

Annotations:
D:2 Crazy Yiuf


Innate Abilities, Weirdness & Mutations

You are too large for most types of armour.
You have claws for hands.
Your natural rate of healing is unusually fast.
You are covered in fur. (AC +1)
You have tough skin. (AC +1)
You are clumsy. (Dex -2)
Your magical capacity is low. (-10% MP)
You occasionally lose the ability to drink potions when taking damage.


Message History

Crazy Yiuf is moderately wounded.
Crazy Yiuf barely misses you.
You completely miss Crazy Yiuf.
Crazy Yiuf is moderately wounded.
Crazy Yiuf hits you with a +3 quarterstaff of chaos!
You are poisoned.
You barely miss Crazy Yiuf.
Crazy Yiuf is moderately wounded.
You feel very sick.
Crazy Yiuf hits you with a +3 quarterstaff of chaos!
You barely miss Crazy Yiuf.
Crazy Yiuf is moderately wounded.
You feel sick.
Crazy Yiuf says, "Snoogle!
Adder sizzlefizz broken."
Crazy Yiuf barely misses you.
Unknown command.
You scratch Crazy Yiuf.
Crazy Yiuf is heavily wounded.
You feel sick.
Crazy Yiuf hits you with a +3 quarterstaff of chaos!
You feel threatened and lose the ability to drink potions!
* * * LOW HITPOINT WARNING * * *
You feel yourself speed up.
You barely miss Crazy Yiuf.
Crazy Yiuf is heavily wounded.
You scratch Crazy Yiuf.
Crazy Yiuf is severely wounded.
You feel sick.
Crazy Yiuf hits you with a +3 quarterstaff of chaos.
* * * LOW HITPOINT WARNING * * *
You are lethally poisoned!
Unknown command.
You scratch Crazy Yiuf.
Crazy Yiuf is severely wounded.
You can drink potions again.
* * * LOW HITPOINT WARNING * * *
You feel sick.
Crazy Yiuf hits you with a +3 quarterstaff of chaos!
You feel threatened and lose the ability to drink potions!
You die...

#.# ##..##
##.####
#....# ###
#.....#
♣....♣ #.##
#..####
♣)..♣♣ ...#
#..# # ♣♣)♣♣
#.## #..##.#
♣)♣♣
#.####...#.#
♣♣)♣
#..........#
♣)♣♣
######...###
♣♣@♣ #.....#
#g# ##.####
))) #.# #)))#
##'## #).)#
##...## #####
##.....##
##.......##
###.........#


You could see Crazy Yiuf.

Vanquished Creatures
  Sigmund (D:2)
  Jessica (D:2)
  2 adders (D:2)
  2 endoplasms (D:1)
  2 giant cockroaches (D:1)
  2 hobgoblins
  7 jackals
  A quokka (D:1)
  A ball python (D:2)
  2 bats
  2 frilled lizards (D:1)
  3 kobolds
  4 rats (D:1)
30 creatures vanquished.

Notes
Turn   | Place    | Note
-------+----------+-------------------------------------------
     0 | D:1      | Morbidden the Troll Earth Elementalist began the quest for
                  | the Orb.
     0 | D:1      | Reached XP level 1. HP: 16/16 MP: 1/1
   184 | D:1      | Reached XP level 2. HP: 26/26 MP: 2/2
   804 | D:2      | Reached skill level 1 in Unarmed Combat
   804 | D:2      | Reached skill level 3 in Earth Magic
   804 | D:2      | Reached XP level 3. HP: 29/32 MP: 4/4
   832 | D:2      | Learned a level 3 spell: Stone Arrow
   857 | D:2      | Noticed Sigmund
  1023 | D:2      | Noticed Jessica
  1037 | D:2      | Killed Jessica
  1038 | D:2      | Reached skill level 1 in Transmutations
  1038 | D:2      | Reached XP level 4. HP: 28/40 MP: 5/5
  1108 | D:2      | Gained mutation: You are clumsy. (Dex -2) [potion of
                  | mutation]
  1108 | D:2      | Gained mutation: You occasionally lose the ability to drink
                  | potions when taking damage. [potion of mutation]
  1108 | D:2      | Gained mutation: Your magical capacity is low. (-10% MP)
                  | [potion of mutation]
  1113 | D:2      | Killed Sigmund
  1114 | D:2      | Reached skill level 1 in Fighting
  1114 | D:2      | Reached skill level 1 in Armour
  1114 | D:2      | Reached XP level 5. HP: 19/48 MP: 5/5
  1174 | D:2      | Found a runed translucent door.
  1175 | D:2      | Identified the +3 hammer "Nunak" {holy, rPois}
  1175 | D:2      | Noticed Crazy Yiuf
  1186 | D:2      | HP: 2/48 [Crazy Yiuf/+3 quarterstaff of chaos (3)]
  1187 | D:2      | Mangled by Crazy Yiuf

Illustrated notes

Levels and vault maps discovered:
D:1:      roderic_chinese_lattice_arrival, layout_basic
D:2:      layout_loops_corners, hellmonk_ecumenical_altar_watching_god,
          kennysheep_boxes, uniq_crazy_yiuf_cottage, uniq_robin, uniq_sigmund,
          uniq_jessica

Skill      XL: |  1  2  3  4 |
---------------+-------------+-----
Unarmed Combat | 1 2 |  2.8
Earth Magic    | 3 |  3.3
Transmutations | 1 |  1.2
Fighting       | 1 |  1.1
Armour         | 1 |  1.1
Dodging        | 2 |  2.1
Stealth        | |  1.1
Spellcasting   | |  1.6
Conjurations   | |  0.5

Action                     |  1- 3 |  4- 6 || total
---------------------------+-------+-------++-------
  Melee: Unarmed           |    75 |    25 ||   100
         Punch             |     1 |       ||     1
   Cast: Sandblast         |     7 |     3 ||    10
    Use: Potion            |       |     3 ||     3
   Stab: Sleeping          |     1 |       ||     1
 Armour: Robe              |    24 |     4 ||    28
  Dodge: Dodged            |    49 |     7 ||    56

Table legend: (Time is in decaauts)
 A = Elapsed time spent in this place.
 B = Non-inter-level travel time spent in this place.
 C = Inter-level travel time spent in this place.
 D = Time resting spent in this place.
 E = Time spent auto-exploring this place.
 F = Levels seen in this place.
 G = Mean time per level.
                   A        B        C        D        E       F      G
               +--------+--------+--------+--------+--------+-----+--------+
         Total |   1189 |   1177 |     12 |      0 |    908 |   2 |  594.5 |
       Dungeon |   1189 |   1177 |     12 |      0 |    908 |   2 |  594.5 |
               +--------+--------+--------+--------+--------+-----+--------+

Top non-repeatable levels by time:
     D:1: 746 daAuts
     D:2: 443 daAuts
